 Dungeon Crawl Stone Soup version 0.31-a0-977-gc230f8ef24 (webtiles) character file.

Game seed: 18358820257421973958

3541588 Arzdou the Conqueror (level 27, 199/199 HPs)
             Began as a Gargoyle Monk on Oct 29, 2023.
             Was the Champion of Ru.
             Escaped with the Orb
             ... and 5 runes on Oct 30, 2023!
             The game lasted 02:32:22 (59412 turns).

Arzdou the Conqueror (Gargoyle Monk)               Turns: 59412, Time: 02:32:22

Health: 199/199    AC: 71    Str: 30    XL:     27
Magic:  16/16      EV:  2    Int: 19    God:    Ru [******]
Gold:   3738       SH: 25    Dex: 18    Spells: 26/26 levels left

rFire   + + .        (no weapon)
rCold   + + .        T - +4 tower shield of Impatience {Drain rElec rF++ rC+++}
rNeg    + + +        Z - +14 crystal plate armour
rPois   ∞            R - +2 helmet {Int+3}
rElec   +            d - +2 cloak of Sorcery {Rampage Will+}
rCorr   .            S - +0 pair of gloves of Sloth {rF- rN+++ Regen+ SInv}
SInv    +            K - -2 pair of boots of the Meadowlark {Regen+}
Will    ++++.        E - dreamshard necklace {Acrobat *Dream} Stlth
                     F - ring of Nawef {rN+ Will+ Str+6 Int-2}
HPRegen 2.93/turn    J - ring "Seij Sim" {Fire Will+ Int+4 Dex+2}
MPRegen 0.15/turn

%: acrobat, rampage
@: flying, studying 2 skills
A: sickness immunity, AC +20, big wings, negative energy resistance 1,
electricity resistance, torment resistance 1, petrification resistance,
inability to train dodging, no conjurations magic, no hexes magic, no ice magic,
reduced EV 1, weak-willed 1, unskilled 1, no forms, agile 1, low MP 3,
regeneration 1
0: Orb of Zot
}: 5/15 runes: decaying, serpentine, slimy, silver, abyssal
a: Renounce Religion, Draw Out Power, Power Leap, Apocalypse


You escaped.
You worshipped Ru.
Ru was exalted by your worship.
You visited 13 branches of the dungeon, and saw 57 of its levels.
You visited the Abyss 1 time.
You also visited: Gauntlet, Ice Cave and Volcano.

You collected 8778 gold pieces.
You spent 5040 gold pieces at shops.

Inventory:

Hand Weapons
 a - the +10 morningstar "Eos" {elec, Halo rElec}
   (You acquired it in an ice cave)

   Halo:      It grants its wielder a halo, revealing invisible creatures and
   increasing accuracy against all within it other than the wielder.
   rElec:     It insulates you from electricity.
Missiles
 l - 5 throwing nets
Armour
 d - the +2 cloak of Sorcery (worn) {Rampage Will+}
   (You found it on level 5 of the Vaults)

   Will+:     It increases your willpower.
   Rampage:   It bestows one free step when moving towards enemies.
 K - the -2 pair of boots of the Meadowlark (worn) {Regen+}
   (You found it on level 3 of the Elven Halls)

   Regen+:    It increases your rate of health regeneration.
 R - a +2 helmet of intelligence (worn)
 S - the +0 pair of gloves of Sloth (worn) {rF- rN+++ Regen+ SInv}
   (You found it in a Gauntlet)

   rF-:       It makes you vulnerable to fire.
   rN+++:     It renders you almost immune to negative energy.
   SInv:      It lets you see invisible.
   Regen+:    It increases your rate of health regeneration.
 T - the +4 tower shield of Impatience (worn) {Drain rElec rF++ rC+++}
   (You found it in a Gauntlet)

   rF++:      It greatly protects you from fire.
   rC+++:     It renders you almost immune to cold.
   rElec:     It insulates you from electricity.
   Drain:     It drains your maximum health when unequipped.
 Z - a +14 crystal plate armour (worn)
Jewellery
 i - the ring "Tyhuur" {rElec rF+ rN+ Slay+4}
   (You found it on level 3 of the Crypt)

   [ring of positive energy]

   Slay+4:    It affects your accuracy & damage with ranged weapons and melee
   (+4).
   rF+:       It protects you from fire.
   rElec:     It insulates you from electricity.
   rN+:       It protects you from negative energy.
 n - a ring of fire
 o - an amulet of regeneration
 C - a ring of resist corrosion
 E - the dreamshard necklace (around neck) {Acrobat *Dream}
   (You found it on level 5 of the Vaults)

   [amulet of the acrobat]

   *Dream:    It absorbs a single lethal wound into itself, holding its wearer
   just short of death and releasing dream-creatures to guard them.
   Acrobat:   It increases your evasion while moving and waiting.
 F - the ring of Nawef (left hand) {rN+ Will+ Str+6 Int-2}
   (You found it on level 5 of the Pits of Slime)

   [ring of willpower]

   Str+6:     It affects your strength (+6).
   Int-2:     It affects your intelligence (-2).
   rN+:       It protects you from negative energy.
   Will+:     It increases your willpower.
 J - the ring "Seij Sim" (right hand) {Fire Will+ Int+4 Dex+2}
   (You bought it in a shop on level 4 of the Snake Pit)

   [ring of fire]

   Fire:      It enhances your fire magic.
   Int+4:     It affects your intelligence (+4).
   Dex+2:     It affects your dexterity (+2).
   rF+:       It protects you from fire.
   rC-:       It makes you vulnerable to cold.
   Will+:     It increases your willpower.
 P - a +4 ring of protection
 Y - an amulet of reflection
Wands
 y - a wand of digging (8)
 z - a wand of paralysis (40)
 D - a wand of acid (16)
 I - a wand of iceblast (30)
 M - a wand of polymorph (33)
 X - a wand of mindburst (63)
Scrolls
 b - 2 scrolls of summoning
 c - 6 scrolls of fog
 e - 6 scrolls of revelation
 f - 10 scrolls of enchant weapon
 g - 8 scrolls of torment
 p - 29 scrolls of teleportation
 q - 12 scrolls of poison
 r - 7 scrolls of vulnerability
 s - 7 scrolls of amnesia
 u - 2 scrolls of silence
 v - 7 scrolls of immolation
 U - 5 scrolls of fear
 W - 2 scrolls of blinking
Potions
 h - 2 potions of berserk rage
 j - 6 potions of magic
 k - 17 potions of curing
 m - 10 potions of mutation
 t - 9 potions of enlightenment
 w - 3 potions of resistance
 x - 6 potions of might
 A - 4 potions of cancellation
 B - 9 potions of heal wounds
 G - 6 potions of haste
 H - 2 potions of invisibility
 N - 6 potions of attraction
 Q - 6 potions of ambrosia
Miscellaneous
 O - the horn of Geryon
 V - a sack of spiders


   Skills:
 O Level 27 Fighting
 + Level 26.2 Maces & Flails
 - Level 21.0 Armour
 - Level 18.0 Shields
 - Level 12.1 Evocations


You had 26 spell levels left.
You didn't know any spells.
Your spell library contained the following spells:

 Spells                   Type           Power      Damage    Failure   Level
 Apportation              Tloc           0%         N/A       97%         1
 Necrotise                Necr           0%         1d4       97%         1
 Sting                    Tmut/Pois      0%         1d3       97%         1
 Summon Small Mammal      Summ           0%         N/A       97%         1
 Call Imp                 Summ           0%         N/A       99%         2
 Passwall                 Tmut/Erth      0%         N/A       99%         2
 Poisonous Vapours        Pois/Air       0%         N/A       99%         2
 Wereblood                Tmut           0%         N/A       99%         2
 Call Canine Familiar     Summ           0%         N/A       100%        3
 Vampiric Draining        Necr           0%         2d6       100%        3
 Airstrike                Air            0%         2d(0-16)  100%        4
 Animate Armour           Summ/Erth      0%         N/A       100%        4
 Animate Dead             Necr           0%         N/A       100%        4
 Dispel Undead            Necr           0%         3d6       100%        4
 Manifold Assault         Tloc           0%         N/A       100%        4
 Olgreb's Toxic Radiance  Pois           0%         N/A       100%        4
 Passage of Golubria      Tloc           0%         N/A       100%        4
 Petrify                  Tmut/Erth      0%         N/A       100%        4
 Summon Lightning Spire   Summ/Air       0%         N/A       100%        4
 Vhi's Electric Charge    Tloc/Air       0%         N/A       100%        4
 Agony                    Necr           0%         N/A       100%        5
 Alistair's Intoxication  Tmut/Pois      0%         N/A       100%        5
 Borgnjor's Vile Clutch   Necr/Erth      0%         N/A       100%        5
 Death Channel            Necr           0%         N/A       100%        6
 Dispersal                Tloc           0%         N/A       100%        6
 Plasma Beam              Fire/Air       0%         2x1d10    100%        6
 Haunt                    Necr/Summ      0%         N/A       100%        7
 Malign Gateway           Summ/Tloc      0%         N/A       100%        7
 Monstrous Menagerie      Summ           0%         N/A       100%        7
 Summon Hydra             Summ           0%         N/A       100%        7
 Borgnjor's Revivificati  Necr           0%         N/A       100%        8
 Disjunction              Tloc           0%         N/A       100%        8
 Maxwell's Capacitive Co  Air            0%         ∞         100%        8
 Summon Horrible Things   Summ           0%         N/A       100%        8
 Death's Door             Necr           0%         N/A       100%        9
 Dragon's Call            Summ           0%         N/A       100%        9
 Magic Dart               Conj           Unusable   1d3       N/A         1
 Slow                     Hex            Unusable   N/A       N/A         1
 Cigotuvi's Dreadful Rot  Necr/Pois/Air  Unusable   N/A       N/A         2
 Ensorcelled Hibernation  Hex/Ice        Unusable   N/A       N/A         2
 Jinxbite                 Hex            Unusable   N/A       N/A         2
 Static Discharge         Conj/Air       Unusable   3-3/arc   N/A         2
 Sublimation of Blood     Necr           Unusable   N/A       N/A         2
 Confusing Touch          Hex            Unusable   N/A       N/A         3
 Hailstorm                Conj/Ice       Unusable   3d3       N/A         3
 Mephitic Cloud           Conj/Pois/Air  Unusable   N/A       N/A         3
 Ozocubu's Armour         Ice            Unusable   N/A       N/A         3
 Sigil of Binding         Hex            Unusable   N/A       N/A         3
 Stone Arrow              Conj/Erth      Unusable   3d7       N/A         3
 Summon Guardian Golem    Hex/Summ       Unusable   N/A       N/A         3
 Tukima's Dance           Hex            Unusable   N/A       N/A         3
 Cause Fear               Hex            Unusable   N/A       N/A         4
 Dimensional Bullseye     Hex/Tloc       Unusable   N/A       N/A         4
 Leda's Liquefaction      Hex/Erth       Unusable   N/A       N/A         4
 Summon Ice Beast         Ice/Summ       Unusable   N/A       N/A         4
 Arcjolt                  Conj/Air       Unusable   1d10      N/A         5
 Fireball                 Conj/Fire      Unusable   3d3       N/A         5
 Irradiate                Conj/Tmut      Unusable   3d11      N/A         5
 Iskenderun's Battlesphe  Conj           Unusable   2d6       N/A         5
 Summon Mana Viper        Hex/Summ       Unusable   N/A       N/A         5
 Yara's Violent Unravell  Hex/Tmut       Unusable   3d3       N/A         5
 Bombard                  Conj/Erth      Unusable   9d1       N/A         6
 Simulacrum               Ice/Necr       Unusable   N/A       N/A         6
 Ozocubu's Refrigeration  Ice            Unusable   4d7       N/A         7
 Spellforged Servitor     Conj/Summ      Unusable   N/A       N/A         7
 Lehudib's Crystal Spear  Conj/Erth      Unusable   10d2      N/A         8

Dungeon Overview and Level Annotations

Branches:
Dungeon (15/15)            Temple (1/1) D:5            Lair (5/5) D:11
  Swamp (4/4) Lair:2        Snake (4/4) Lair:2        Slime (5/5) Lair:5
    Orc (2/2) D:12            Elf (3/3) Orc:2        Vaults (5/5) D:13
  Crypt (3/3) Vaults:3       Tomb (0/3) Crypt:3      Depths (4/4) D:15
   Hell (visited)             Dis (0/7) Hell            Geh (0/7) Hell
    Coc (0/7) Hell            Tar (0/7) Hell            Zot (5/5) Depths:4
  IceCv (visited)         Volcano (visited)         Gauntlet (visited)

Altars:
Ashenzari
Cheibriados
Dithmenos
Elyvilon
Fedhas
Gozag
Hepliaklqana
Kikubaaqudgha
Makhleb
Nemelex Xobeh
Okawaru
Qazlal
Ru
Sif Muna
Trog
Uskayaw
Vehumet
Wu Jian
Xom
Yredelemnul
Zin
The Shining One
Jiyva
Lugonu

Shops:
D:3 !   D:4 *   D:5 *   D:7 :   D:9 (   D:10 (   D:15 (   Orc:1 *   Orc:2 ([*:
Elf:1 [   Snake:1 [*[*[   Snake:2 !=:   Snake:4 =:=   Vaults:5 =
Depths:1 :!(!   Depths:3 [

Portals:
Hell: Depths:1 Depths:2 Depths:3 Depths:4
Abyss: Depths:2 Depths:3
Pandemonium: Depths:2
Ziggurat: Depths:1

Annotations:
D:6 1 runed translucent door, Dirtsage's ghost, novice OpSh
Elf:2 1 runed translucent door
Elf:3 2 exclusions
Depths:1 1 transporter


Innate Abilities, Weirdness & Mutations

You are immune to sickness and miasma.
Your stone body is resilient. (AC +20)
You are immune to poison.
Your large and strong wings let you fly.
You resist negative energy. (rN+)
You are resistant to electric shocks. (rElec)
You are resistant to unholy torment.
You are immune to petrification.
You cannot train Dodging skill.
You cannot study or cast Conjurations magic.
You cannot study or cast Hexes magic.
You cannot study or cast Ice magic.
You have somewhat slow reflexes. (EV -5)
You are slightly weak-willed. (Will-)
You are somewhat unskilled. (-1 Apt)
You cannot voluntarily change form.
You are agile. (Dex +4, Str/Int -1)
Your magical capacity is extremely low. (-30% MP)
Your natural rate of healing is unusually fast.


Message History

You bludgeon the angel!!
The angel is moderately wounded.
The angel is stunned by your conviction and fails to attack.
You barely miss the angel.
The angel is moderately wounded.
The angel is stunned by your conviction and fails to attack.
You redirect the angel's attack!
The angel completely misses itself.
The angel hits itself with a +3 whip of holy wrath.
You impale the angel!!
The angel is severely wounded.
You block the angel's attack. x2
You hit the angel.
The angel is severely wounded.
The angel begins to attack, but is stunned by your conviction!
You closely miss the angel.
The angel is severely wounded.
You block the angel's attack. x2
You thump the angel!
The angel is severely wounded.
You block the angel's attack. x2
You pound the angel like an anvil!!!
You kill the angel!
No target in view!
What level of the Dungeon? (default 1, ? - help)
There is a stone staircase leading up here.
You fly upwards.
There is a stone staircase leading down here.
There is a stone staircase leading up here.
You fly upwards.
There is a stone staircase leading down here.
Things that are here:
a +0 hand axe; a +0 scale mail; a +0 whip
Okay, then.
Things that are here:
a +0 robe; a +0 dagger; an orc skeleton
There is a staircase leading out of the dungeon here.
The +10 morningstar "Eos" {elec, Halo rElec} stops crackling.
You are now empty-handed.
You have escaped!

###.###
##.....##
#.#8~8#.#
#.#≈≈≈#.#
#.#8≈8#.#
#.#≈≈≈#.#
#.#8~8#.#
##.....##
##.@.##
#####


There were no monsters in sight!

Vanquished Creatures
  the Royal Jelly (Slime:5)
  8 dread liches (Zot:5)
  4 orbs of fire
  2 ancient liches
  2 juggernauts
  Parghit (Zot:1)
  Bai Suzhen (Snake:4)
  A curse toe (Zot:5)
  3 Killer Klowns (Zot:5)
  Xtahua (Crypt:2)
  Geryon (Hell)
  6 golden dragons
  Jory (Crypt:1)
  A bone dragon (Depths:4)
  2 electric golems (Zot:5)
  13 tentacled monstrosities
  7 liches
  Jorgrun (D:13)
  24 Orb Guardians
  6 quicksilver dragons
  4 deep elf master archers (Elf:3)
  A walking divine tome (Depths:3)
  3 titans (Vaults:5)
  6 sphinxes
  2 deep elf blademasters
  23 acid blobs
  6 death cobs
  4 ancient champions
  Gastronok (Lair:3)
  Kirke (Lair:3)
  10 shadow dragons
  7 tengu reavers (Vaults:5)
  9 rockslimes
  17 storm dragons
  Aizul (Snake:4)
  Roxanne (D:14)
  2 draconian monks
  3 nagarajas
  A fenstrider witch (Swamp:3)
  12 fire giants
  2 draconian knights (Zot:4)
  6 azure jellies
  4 iron dragons
  A revenant (Hell)
  8 deep elf sorcerers
  4 deep elf elementalists (Elf:3)
  2 curse skulls
  A draconian stormcaller (Zot:1)
  11 frost giants
  3 draconian scorchers
  An angel (D:3)
  2 draconian shifters
  4 draconian annihilators
  22 vault wardens
  2 spriggan defenders
  14 ironbound preservers
  4 orc warlords
  12 quicksilver oozes (Slime:5)
  A demonspawn corrupter (D:3)
  4 ghouls
  4 reapers
  7 war gargoyles
  17 very ugly things
  6 formless jellyfish
  12 stone giants
  7 black draconians
  A stone giant (shapeshifter) (Depths:2)
  8 ironbound thunderhulks
  A demonspawn black sun (D:3)
  4 white draconians
  5 vampire knights
  7 green draconians
  A lorocyproca (D:3)
  6 deep elf demonologists
  2 dire elephants
  7 purple draconians
  A putrid mouth (Hell)
  10 deep elf annihilators
  5 yellow draconians
  4 eleionomae
  7 spark wasps
  3 bunyips
  2 blizzard demons (Hell)
  Snorg (D:12)
  2 red draconians (Zot:5)
  6 deep elf death magi
  6 crystal guardians
  6 eidola
  3 iron golems
  A green death (D:12)
  A fire dragon (shapeshifter) (Depths:4)
  8 ettins
  3 entropy weavers
  3 deep elf high priests
  15 yaktaur captains
  4 fire dragons
  4 rakshasas
  6 great orbs of eyes
  A great orb of eyes (shapeshifter) (Abyss:4)
  3 shambling mangroves
  2 spriggan zombies
  11 ice dragons
  4 peacekeepers
  A hydra (shapeshifter) (Abyss:4)
  9 jiangshi
  36 vault guards
  3 ogre magi
  4 salamander tyrants
  3 catoblepae
  18 hydras
  13 ironbound frosthearts
  13 anacondas
  3 ghost crabs
  33 dancing weapons
  7 death yaks (Lair:5)
  7 deep troll earth magi
  3 death knights
  9 alligators
  5 two-headed ogres
  5 deep troll shamans
  9 naga warriors
  32 centaur warriors
  6 boulder beetles
  8 tengu warriors
  Urug (D:11)
  7 vampire magi
  An occultist (Depths:1)
  12 shock serpents
  5 orc high priests
  8 starcursed masses (Abyss:4)
  A demonic crawler (Abyss:4)
  Sonja (D:10)
  9 naga sharpshooters
  3 soul eaters
  17 hell knights
  Nergalle (D:9)
  12 thrashing horrors (Abyss:4)
  28 deep elf knights
  2 fire crabs
  5 goliath frogs
  6 sun demons
  4 shadow wraiths
  An iron giant zombie (Crypt:1)
  A skyshark (Lair:5)
  7 salamander mystics (Snake:4)
  4 sea snakes (Snake:2)
  13 iron trolls
  5 glowing orange brains
  14 skeletal warriors
  14 flayed ghosts
  4 shadow demons
  A golden dragon zombie (Crypt:3)
  2 anaconda zombies
  3 spriggan druids
  An obsidian statue (Zot:5)
  A spectral hydra (Gauntlet)
  A lindwurm (shapeshifter) (Vaults:5)
  10 phantasmal warriors
  15 swamp dragons
  10 bog bodies
  12 lindwurms
  8 naga ritualists
  17 orc knights
  7 arcanists
  50 deep trolls
  A bunyip skeleton (Crypt:3)
  24 ironbound convokers
  6 necromancers
  15 deep elf archers
  An anaconda skeleton (Hell)
  23 deep elf zephyrmancers
  27 deep elf pyromancers
  19 salamanders
  A shining eye (shapeshifter) (Vaults:5)
  A wolf spider (D:15)
  42 ugly things
  A worldbinder (Abyss:4)
  15 mana vipers
  5 orc sorcerers
  A dire elephant zombie (Crypt:3)
  3 manticores
  10 elephants
  4 will-o-the-wisps
  5 shining eyes
  6 guardian serpents (Snake:4)
  An eleionoma skeleton (Crypt:1)
  23 moths of wrath
  2 moths of wrath (shapeshifter)
  8 cyclopes
  49 black mambas
  7 rust devils
  A centaur zombie (Crypt:3)
  2 guardian serpents (shapeshifter) (Abyss:4)
  2 eyes of devastation
  9 smoke demons
  Maggie (D:6)
  2 ice statues (IceCv)
  6 naga magi
  A cane toad (shapeshifter) (Depths:2)
  15 cane toads
  21 vault sentinels
  4 gargoyles
  A black mamba (shapeshifter) (D:15)
  A torpor snail (Lair:1)
  9 unseen horrors
  A kobold demonologist (D:10)
  4 molten gargoyles
  2 efreet
  2 orange demons
  2 rime drakes (shapeshifter)
  2 rime drakes
  A sea snake zombie (Hell)
  5 anaconda simulacra (IceCv)
  A steelbarb worm zombie (Crypt:2)
  32 yaktaurs
  A sea snake skeleton (Hell)
  9 freezing wraiths
  13 komodo dragons
  5 tengu conjurers
  9 ice devils
  A harpy zombie (Crypt:1)
  8 red devils
  3 trolls
  3 hydra skeletons
  2 meliai (D:15)
  7 tyrant leeches
  7 glass eyes
  16 hornets
  A polar bear (Lair:5)
  A culicivora zombie (Crypt:1)
  A guardian serpent zombie (Crypt:2)
  A harpy skeleton (Crypt:3)
  30 blink frogs
  12 dream sheep
  A satyr zombie (Crypt:2)
  A slime creature (shapeshifter) (Depths:2)
  2 centaur simulacra
  An ice dragon skeleton (Crypt:2)
  6 flying skulls (Crypt:1)
  108 slime creatures
  7 shadows (Crypt:3)
  5 air elementals
  2 dire elephant simulacra (IceCv)
  12 spriggans
  7 vampires (Crypt:3)
  A ynoxinul (Abyss:4)
  8 water elementals
  10 wraiths
  7 wyverns
  Eustachio (D:5)
  8 fire bats
  4 basilisks
  5 humans (D:13)
  6 golden eyes
  57 yaks
  A hog (shapeshifter) (D:14)
  6 hogs (Lair:3)
  10 vampire mosquitoes
  4 fire elementals
  6 redbacks
  A death yak simulacrum (IceCv)
  29 nagas
  14 swamp worms
  3 wargs
  2 harpy simulacra (IceCv)
  3 acid dragons
  A naga zombie (Crypt:1)
  2 large abominations (Abyss:4)
  2 hydra simulacra
  2 hell hounds (Gauntlet)
  15 water moccasins
  38 orc warriors
  6 swamp drakes
  A sky beast (D:7)
  A cane toad skeleton (Crypt:2)
  A black bear (shapeshifter) (D:13)
  A black bear (D:6)
  An ice beast (D:7)
  10 boggarts
  5 ogres
  26 wolves
  A centaur (D:8)
  3 kobold brigands
  A phantom (D:6)
  14 bullfrogs
  A scorpion (D:6)
  2 necrophages
  4 earth elementals
  A cyclops zombie (Crypt:1)
  A queen bee zombie (Crypt:2)
  10 killer bees
  3 small abominations (Abyss:4)
  8 electric eels
  7 howler monkeys
  5 lava snakes (Volcano)
  2 hounds (D:4)
  A jelly (D:4)
  23 orc priests
  A black bear skeleton (Crypt:2)
  2 iguanas
  Terence (D:3)
  6 hell rats
  32 orc wizards
  2 spriggan simulacra (IceCv)
  A wolf simulacrum (IceCv)
  A tengu skeleton (Crypt:1)
  A deep dwarf skeleton (Crypt:2)
  An ogre skeleton (Crypt:1)
  7 gnolls
  11 adders
  5 white imps
  2 ufetubi (D:6)
  A worm (D:4)
  3 dart slugs
  102 orcs
  3 endoplasms
  7 goblins
  4 hobgoblins
  9 jackals
  5 quokkas
  8 ball pythons
  11 bats
  3 frilled lizards
  22 kobolds
  3 rats
  2 lurking horrors (Abyss:4)
2426 creatures vanquished.

Vanquished Creatures (collateral kills)
  A shining eye (Slime:2)
  A moth of wrath (Zot:2)
2 creatures vanquished.

Vanquished Creatures (others)
  Vv (Zot:3)
  A tentacled monstrosity (Zot:1)
  An Orb Guardian (Zot:5)
  An acid blob (Slime:2)
  An ancient champion (Crypt:1)
  A fire giant (Depths:3)
  A deep elf elementalist (Elf:3)
  A ghoul (Crypt:2)
  A quicksilver ooze (Slime:5)
  A very ugly thing (Vaults:5)
  A deep elf demonologist (Elf:3)
  A yellow draconian (Zot:3)
  2 vault guards
  A deep elf high priest (Elf:3)
  2 hydras
  A catoblepas (Lair:5)
  A dancing weapon (Elf:2)
  A two-headed ogre (D:11)
  A deep troll earth mage (Depths:2)
  A hell knight (Depths:2)
  An iron troll (Depths:3)
  A skeletal warrior (Crypt:1)
  2 deep trolls
  A naga ritualist (Snake:4)
  A deep elf archer (Elf:2)
  2 deep elf pyromancers (Elf:2)
  A molten gargoyle (Hell)
  A gargoyle (Crypt:3)
  An anaconda simulacrum (Hell)
  2 bloated husks
  A meliai (D:15)
  3 slime creatures
  2 yaks
  A water elemental (Elf:1)
  A human (D:13)
  2 golden eyes (Abyss:4)
  A small abomination (Abyss:4)
  A vampire mosquito (Swamp:2)
  A redback (Vaults:5)
  A swamp worm (Swamp:3)
  2 nagas
  2 orc warriors (Orc:2)
  An elephant skeleton (Crypt:1)
  2 orc wizards (Orc:2)
  14 foxfires
70 creatures vanquished.

Grand Total: 2498 creatures vanquished

Notes
Turn   | Place    | Note
-------+----------+-------------------------------------------
     0 | D:1      | Arzdou the Gargoyle Monk began the quest for the Orb.
     0 | D:1      | Reached XP level 1. HP: 14/14 MP: 1/1
   111 | D:1      | Reached XP level 2. HP: 19/19 MP: 2/2
   407 | D:1      | Reached XP level 3. HP: 21/24 MP: 3/3
   483 | D:1      | Reached skill level 4 in Fighting
   888 | D:1      | Reached XP level 4. HP: 7/30 MP: 4/4
  1550 | D:3      | Reached XP level 5. HP: 34/34 MP: 5/5
  1568 | D:3      | Reached skill level 5 in Fighting
  1789 | D:3      | Noticed Terence
  1807 | D:3      | Killed Terence
  1863 | D:3      | Found a sacrificial altar of Ru.
  1871 | D:3      | Became a worshipper of Ru the Awakened
  1883 | D:3      | Gained mutation: You are slightly weak-willed. (Will-) [Ru
                  | sacrifice]
  1883 | D:3      | Reached * piety under Ru
  1925 | D:3      | Found Axeleteg's Distillery.
  1930 | D:3      | Bought a potion of might for 52 gold pieces
  2150 | D:3      | Found a hazy altar of Hepliaklqana.
  2265 | D:4      | Found Muceg's Assorted Antiques.
  2281 | D:4      | Found a shimmering altar of Xom.
  2287 | D:4      | Reached skill level 5 in Maces & Flails
  2287 | D:4      | Reached XP level 6. HP: 40/40 MP: 6/6
  2929 | D:4      | Reached skill level 6 in Fighting
  3124 | D:5      | Entered Level 5 of the Dungeon
  3184 | D:5      | Reached XP level 7. HP: 30/47 MP: 7/7
  3240 | D:5      | Found a radiant altar of Vehumet.
  3263 | D:5      | Found a staircase to the Ecumenical Temple.
  3284 | D:5      | Found Vuppai's General Store.
  3297 | Temple   | Entered the Ecumenical Temple
  3384 | D:5      | Noticed Eustachio
  3407 | D:6      | Reached skill level 7 in Fighting
  3534 | D:5      | Killed Eustachio
  3574 | D:5      | Gained mutation: You are somewhat unskilled. (-1 Apt) [Ru
                  | sacrifice]
  3574 | D:5      | Reduced skill Fighting to level 6
  3574 | D:5      | Reached ** piety under Ru
  3574 | D:5      | Reached *** piety under Ru
  3806 | D:6      | Noticed Maggie
  3835 | D:6      | Killed Maggie
  3836 | D:6      | Reached skill level 7 in Fighting
  3836 | D:6      | Reached XP level 8. HP: 33/53 MP: 8/8
  4140 | D:6      | Reached skill level 8 in Fighting
  4591 | D:6      | Found a runed translucent door.
  4595 | D:6      | Noticed Dirtsage's ghost (novice OpSh)
  4746 | D:7      | Reached XP level 9. HP: 60/60 MP: 9/9
  4773 | D:7      | Found Ytot's Book Shoppe.
  4808 | D:7      | Noticed a two-headed ogre
  4820 | D:7      | Killed a two-headed ogre
  4821 | D:7      | Reached skill level 9 in Fighting
  5665 | D:8      | Reached skill level 10 in Fighting
  5720 | D:8      | Found an opulent altar of Gozag.
  5721 | D:8      | Found a basalt altar of Yredelemnul.
  5871 | D:8      | Reached XP level 10. HP: 68/68 MP: 10/10
  5915 | D:8      | Found a sparkling altar of Nemelex Xobeh.
  5963 | D:8      | Found a blossoming altar of Fedhas.
  6125 | D:9      | Found an ornate altar of the Wu Jian Council.
  6317 | D:9      | Gained mutation: You have somewhat slow reflexes. (EV -5)
                  | [Ru sacrifice]
  6317 | D:9      | Reached **** piety under Ru
  6417 | D:9      | Reached skill level 10 in Maces & Flails
  6463 | D:9      | Reached skill level 11 in Fighting
  6556 | D:9      | Reached skill level 1 in Armour
  6571 | D:9      | Found Xeuhoot's Antique Weapon Shop.
  6775 | D:9      | Found a glowing golden altar of the Shining One.
  6988 | D:10     | Entered Level 10 of the Dungeon
  6988 | D:10     | Noticed Nergalle
  7077 | D:9      | Killed Nergalle
  7078 | D:9      | Reached skill level 5 in Armour
  7387 | D:10     | Noticed Sonja
  7396 | D:10     | Killed Sonja
  7397 | D:10     | Reached XP level 11. HP: 43/74 MP: 5/11
  7611 | D:10     | Found Anoczar's Weapon Emporium.
  7814 | D:10     | Identified the +2 dagger "Goblinbane" {freeze, Dex+4}
  7907 | D:11     | Noticed a cyan ugly thing
  7930 | D:10     | Killed a cyan ugly thing
  7988 | D:11     | Gained mutation: You cannot train Dodging skill. [Ru
                  | sacrifice]
  7988 | D:11     | Reached ***** piety under Ru
  8071 | D:11     | Noticed a two-headed ogre
  8098 | D:11     | Noticed a cyclops
  8131 | D:11     | Killed a cyclops
  8132 | D:11     | Reached skill level 10 in Armour
  8216 | D:11     | Killed a two-headed ogre
  8291 | D:11     | Noticed a purple ugly thing
  8298 | D:11     | Noticed Urug
  8321 | D:11     | Killed a purple ugly thing
  8328 | D:11     | Killed Urug
  8411 | D:11     | Noticed a two-headed ogre
  8479 | D:11     | Killed a two-headed ogre
  8629 | D:11     | Noticed a cyclops
  8641 | D:11     | Killed a cyclops
  8678 | D:11     | Noticed a fire crab
  8695 | D:11     | Killed a fire crab
  8696 | D:11     | Reached XP level 12. HP: 7/80 MP: 6/12
  8770 | D:11     | Found a staircase to the Lair.
  9148 | Lair:1   | Entered Level 1 of the Lair of Beasts
  9361 | Lair:1   | Reached skill level 12 in Fighting
 10552 | Lair:2   | Noticed a seven-headed hydra
 10586 | Lair:2   | Killed a seven-headed hydra
 10587 | Lair:2   | Reached skill level 13 in Fighting
 10634 | Lair:2   | Noticed a four-headed hydra
 10651 | Lair:2   | Killed a four-headed hydra
 10721 | Lair:2   | Found a staircase to the Swamp.
 10845 | Lair:2   | Noticed a boulder beetle
 10880 | Lair:2   | Killed a boulder beetle
 11000 | Lair:2   | Found a staircase to the Snake Pit.
 11132 | Lair:2   | Reached XP level 13. HP: 86/88 MP: 13/13
 11500 | Lair:2   | Reached skill level 14 in Fighting
 12496 | Lair:3   | Noticed Kirke
 12514 | Lair:3   | Killed Kirke
 13228 | Lair:3   | Noticed Gastronok
 13291 | Lair:3   | Killed Gastronok
 13351 | Gauntlet | Identified the "Vaivuis"
 13351 | Lair:4   | Found a gate leading to a gauntlet.
 13359 | Gauntlet | Entered a Gauntlet
 13359 | Gauntlet | Found a transporter.
 13371 | Gauntlet | Found a transporter.
 13373 | Gauntlet | Found a transporter.
 13375 | Gauntlet | Found a transporter.
 13388 | Gauntlet | Found a transporter.
 13401 | Gauntlet | Found a transporter.
 13407 | Gauntlet | Found a transporter.
 13422 | Gauntlet | Found a transporter.
 13441 | Gauntlet | Found a transporter.
 13477 | Gauntlet | Found a transporter.
 13489 | Gauntlet | Found a transporter.
 13501 | Gauntlet | Found a transporter.
 13513 | Gauntlet | Found a transporter.
 13546 | Gauntlet | Found a transporter.
 13564 | Gauntlet | Found a transporter.
 13566 | Gauntlet | Found a transporter.
 13601 | Gauntlet | Found a transporter.
 13603 | Gauntlet | Found a transporter.
 13662 | Gauntlet | Reached skill level 15 in Fighting
 13848 | Gauntlet | Identified the +0 pair of gloves of Sloth {rF- rN+++ Regen+
                  | SInv}
 13856 | Gauntlet | Identified the +4 tower shield of Impatience {Drain rElec
                  | rF++ rC+++}
 13945 | Gauntlet | Identified the +8 arbalest of the Spinneret {antimagic,
                  | Contam rF+ rCorr Str+4 Int+2}
 13945 | Gauntlet | Identified the +8 morningstar "Reravva" {pain, rElec Str+2}
 13945 | Gauntlet | Noticed a minotaur
 13971 | Gauntlet | Identified the +0 acid dragon scales of Pride {rC+ rN+
                  | Regen+ rCorr Dex+2}
 14075 | Lair:4   | Reached skill level 1 in Shields
 14420 | Lair:4   | Gained mutation: Your large and strong wings let you fly.
                  | [Gargoyle growth]
 14420 | Lair:4   | Reached XP level 14. HP: 98/98 MP: 14/14
 14439 | Lair:4   | Reached skill level 5 in Shields
 14778 | Lair:5   | Identified the of Myxzisicw
 14778 | Lair:5   | Entered Level 5 of the Lair of Beasts
 15072 | Lair:5   | Found a frozen archway.
 15083 | IceCv    | Entered an ice cave
 15101 | IceCv    | Identified a scroll of acquirement
 15101 | IceCv    | Acquired the +10 morningstar "Eos" {elec, Halo rElec}
 15101 | IceCv    | Found the +10 morningstar "Eos" {elec, Halo rElec}
 15258 | IceCv    | Identified the +9 trident of Jidghupsy {elec, Str+2 Int+2
                  | Stlth+}
 15502 | Lair:5   | Found a staircase to the Slime Pits.
 15502 | Lair:5   | Found a viscous altar of Jiyva.
 15560 | Lair:5   | Gained mutation: You cannot study or cast Ice magic. [Ru
                  | sacrifice]
 15560 | Lair:5   | Gained mutation: You cannot study or cast Hexes magic. [Ru
                  | sacrifice]
 15560 | Lair:5   | Gained mutation: You cannot study or cast Conjurations
                  | magic. [Ru sacrifice]
 15816 | Lair:5   | Found a sacrificial altar of Ru.
 15995 | Lair:5   | Reached skill level 10 in Shields
 16025 | Lair:5   | Reached skill level 15 in Maces & Flails
 16025 | Lair:5   | Reached XP level 15. HP: 88/103 MP: 15/15
 16161 | Lair:5   | Identified the +0 broad axe "Vuserom" {heavy, *Corrode
                  | Fragile rN++ Will+}
 16876 | D:12     | Identified the +5 falchion of Ygreof {holy, Str+4 Int-5
                  | Dex+2}
 16939 | D:12     | Found a staircase to the Orcish Mines.
 17026 | D:12     | You are sucked into a shaft and drop 1 floor!
 17119 | D:13     | Noticed Jorgrun
 17143 | D:13     | Killed Jorgrun
 17256 | D:12     | Noticed Snorg
 17265 | D:12     | Killed Snorg
 17446 | Orc:1    | Entered Level 1 of the Orcish Mines
 17468 | Orc:1    | Gained mutation: You cannot voluntarily change form. [Ru
                  | sacrifice]
 17468 | Orc:1    | Reached ****** piety under Ru
 17841 | Orc:2    | Entered Level 2 of the Orcish Mines
 17987 | Orc:2    | Found a staircase to the Elven Halls.
 18083 | Orc:2    | Found a dark tunnel.
 18089 | Volcano  | Entered a volcano
 18354 | Volcano  | Found a burning altar of Makhleb.
 18938 | Orc:2    | Noticed an orc warlord
 18989 | Orc:2    | Killed an orc warlord
 19075 | Orc:2    | Found Ohefono's Antique Armour Shoppe.
 19076 | Orc:2    | Found Vipsu's Antique Weapon Emporium.
 19078 | Orc:2    | Found Xalicwug's General Store.
 19078 | Orc:2    | Found Appiga Fari's Book Shoppe.
 19093 | Orc:2    | Bought an ancient cloak for 275 gold pieces
 19093 | Orc:2    | Identified the +0 cloak of a Thousand Lives {rCorr Str+3}
                  | (You bought it in a shop on level 2 of the Orcish Mines)
 19108 | Orc:2    | Bought a scroll of revelation for 75 gold pieces
 19108 | Orc:2    | Bought a scroll of blinking for 75 gold pieces
 19234 | Orc:1    | Found Zuitym's General Store.
 19244 | Orc:1    | Bought a potion of heal wounds for 75 gold pieces
 19244 | Orc:1    | Bought 2 throwing nets for 90 gold pieces
 19244 | Orc:1    | Bought a scroll of blinking for 112 gold pieces
 19244 | Orc:1    | Bought a potion of might for 60 gold pieces
 19969 | D:13     | Reached XP level 16. HP: 108/108 MP: 16/16
 20029 | D:13     | Found a gate to the Vaults.
 20195 | D:14     | Noticed Roxanne
 20359 | D:14     | Killed Roxanne
 20456 | D:14     | Found an opulent altar of Gozag.
 20808 | D:15     | Entered Level 15 of the Dungeon
 20955 | D:15     | Found a staircase to the Depths.
 21573 | D:15     | Found Yreffodgh's Firing Range.
 21796 | Swamp:1  | Entered Level 1 of the Swamp
 21899 | Swamp:1  | Reached skill level 15 in Shields
 22685 | Swamp:2  | Reached XP level 17. HP: 109/113 MP: 17/17
 22891 | Swamp:3  | Paralysed by a fenstrider witch for 2 turns
 23235 | Swamp:4  | Entered Level 4 of the Swamp
 23649 | Swamp:4  | Got a decaying rune of Zot
 23731 | Swamp:4  | Identified the +9 arbalest "Lauhiz" {freeze, Str+3}
 24237 | Snake:1  | Entered Level 1 of the Snake Pit
 24237 | Snake:1  | Found Kugeisebb's Armour Shoppe.
 24241 | Snake:1  | Bought a +0 crystal plate armour for 800 gold pieces
 24482 | D:4      | Bought a scroll of enchant armour for 157 gold pieces
 24482 | D:4      | Bought 3 scrolls of enchant armour for 472 gold pieces
 24767 | Snake:1  | Found a snail-covered altar of Cheibriados.
 24785 | Snake:1  | Found Zittut's General Store.
 24843 | Snake:1  | Found Uparad's Assorted Antiques.
 24862 | Snake:1  | Reached skill level 15 in Armour
 24991 | Snake:1  | Found Qoexzas's Antique Armour Emporium.
 25007 | Snake:1  | Found Koigymnowk's Armour Shop.
 25343 | Snake:1  | Bought a runed cloak for 285 gold pieces
 25373 | Snake:1  | Bought a scroll of enchant armour for 330 gold pieces
 25478 | Snake:2  | Reached skill level 16 in Fighting
 25482 | Snake:2  | Reached XP level 18. HP: 88/116 MP: 18/18
 25686 | Snake:2  | Found Hurout's Self-Published Books.
 25949 | Snake:2  | Found Bach's Jewellery Boutique.
 25951 | Snake:2  | Found Jadogg's Distillery.
 26629 | Snake:3  | Reached skill level 17 in Fighting
 27573 | Snake:4  | Entered Level 4 of the Snake Pit
 27573 | Snake:4  | Noticed Bai Suzhen
 27597 | Snake:4  | Killed Bai Suzhen
 27698 | Snake:4  | Reached skill level 18 in Fighting
 28028 | Snake:4  | Found Ozafaxt's Jewellery Emporium.
 28028 | Snake:4  | Found Atraeju's Book Shop.
 28030 | Snake:4  | Found Fupurph's Jewellery Emporium.
 28359 | Snake:4  | Reached skill level 19 in Fighting
 28539 | Snake:4  | Reached XP level 19. HP: 133/133 MP: 19/19
 28625 | Snake:4  | Reached skill level 20 in Fighting
 28742 | Snake:4  | Got a serpentine rune of Zot
 28841 | Snake:4  | Identified the serpent talisman of Aphod {rElec Dex+4}
 28841 | Snake:4  | Noticed Aizul
 28852 | Snake:4  | Killed Aizul
 29141 | Vaults:1 | Identified the "Silecedgh"
 29141 | Vaults:1 | Identified the "Mouphas"
 29141 | Vaults:1 | Identified the "Qiptatu"
 29141 | Vaults:1 | Entered Level 1 of the Vaults
 29602 | Vaults:1 | Paralysed by an ogre mage for 3 turns
 29791 | Vaults:1 | Reached skill level 21 in Fighting
 31109 | Vaults:2 | Reached skill level 22 in Fighting
 31134 | Vaults:2 | Reached XP level 20. HP: 138/139 MP: 14/20
 31760 | Vaults:3 | Reached skill level 23 in Fighting
 31945 | Vaults:3 | Found a staircase to the Crypt.
 31945 | Vaults:3 | Found an ancient bone altar of Kikubaaqudgha.
 31945 | Vaults:3 | Found a basalt altar of Yredelemnul.
 32749 | Vaults:3 | Reached skill level 24 in Fighting
 32753 | Vaults:3 | Reached skill level 1 in Evocations
 33268 | Vaults:4 | Reached skill level 5 in Evocations
 33382 | Vaults:4 | Reached XP level 21. HP: 156/156 MP: 21/21
 34255 | Vaults:5 | Entered Level 5 of the Vaults
 34288 | Vaults:5 | Paralysed by a sphinx for 3 turns
 34419 | Vaults:5 | Paralysed by a sphinx for 4 turns
 34440 | Vaults:5 | Identified the +5 long sword "Liwagylao" {venom, Dex+4}
 34451 | Vaults:5 | Identified the +8 arbalest of Tyzuleso {drain, Int+4}
 34452 | Vaults:5 | Identified the staff of Blood-Lust {rF+ rN+ Str+2 Conj
                  | Fire}
 34466 | Vaults:5 | Identified the +0 scale mail of the Curious Beggars {rElec
                  | Regen+}
 34774 | Vaults:5 | Found Fycuinku's Jewellery Shoppe.
 34779 | Vaults:5 | Reached skill level 10 in Evocations
 35034 | Vaults:5 | Got a silver rune of Zot
 35138 | Vaults:5 | Reached XP level 22. HP: 135/155 MP: 22/22
 35448 | Vaults:5 | Identified the +2 cloak of Sorcery {Rampage Will+}
 35908 | Vaults:5 | Found the dreamshard necklace {Acrobat *Dream}
 36123 | Crypt:3  | Identified the "Nairiull"
 36123 | Crypt:3  | Identified the "Astra"
 36123 | Depths:1 | Entered Level 1 of the Depths
 36494 | Snake:4  | Bought the ring "Seij Sim" {Fire Will+ Int+4 Dex+2} for 903
                  | gold pieces
 36854 | Depths:1 | Found Cijitaz's Distillery.
 36900 | Depths:1 | Found a shimmering altar of Xom.
 36931 | Depths:1 | Found a one-way gateway to a ziggurat.
 36959 | Depths:1 | Found Cyadog's Book Emporium.
 36961 | Depths:1 | Found Ekivio's Distillery.
 36964 | Depths:1 | Found Jikk's Weapon Emporium.
 36988 | Depths:1 | Bought 2 potions of heal wounds for 200 gold pieces
 36988 | Depths:1 | Bought a potion of mutation for 160 gold pieces
 36988 | Depths:1 | Bought a potion of cancellation for 160 gold pieces
 36988 | Depths:1 | Bought a potion of magic for 160 gold pieces
 37032 | Depths:1 | Found a transporter.
 37121 | Depths:1 | Found a gateway to Hell.
 37651 | Depths:2 | Found a one-way gate to the infinite horrors of the Abyss.
 37909 | Depths:2 | Noticed a juggernaut
 37938 | Depths:2 | Killed a juggernaut
 37984 | Depths:2 | Noticed a golden dragon
 38024 | Depths:2 | Killed a golden dragon
 38557 | Depths:2 | Reached XP level 23. HP: 153/157 MP: 23/23
 38701 | Depths:2 | Reached skill level 25 in Fighting
 38823 | Depths:2 | Found a one-way gate leading to the halls of Pandemonium.
 38999 | Depths:3 | Noticed a juggernaut
 39018 | Depths:3 | Killed a juggernaut
 39662 | Depths:3 | Found a corrupted altar of Lugonu.
 39904 | Depths:3 | Found Lodo's Antique Armour Emporium.
 39910 | Depths:3 | Bought a pair of embroidered gloves for 187 gold pieces
 39910 | Depths:3 | Bought a shiny helmet for 187 gold pieces
 39949 | Depths:4 | Entered Level 4 of the Depths
 40162 | Depths:4 | Found a gate to the Realm of Zot.
 40168 | Depths:4 | Noticed a golden dragon
 40182 | Depths:4 | Killed a golden dragon
 40368 | Depths:4 | Found a sacrificial altar of Ru.
 40588 | Depths:4 | Identified the +0 pair of gloves of Restlessness {rF++}
 41062 | Elf:3    | Identified the of Heqaith
 41062 | Zot:1    | Entered Level 1 of the Realm of Zot
 41313 | Zot:1    | Noticed Parghit
 41376 | Zot:1    | Killed Parghit
 41719 | Zot:1    | Reached skill level 26 in Fighting
 42366 | Zot:2    | Reached XP level 24. HP: 152/163 MP: 23/23
 43873 | Zot:3    | Noticed an orb of fire
 43878 | Zot:3    | Killed an orb of fire
 43941 | Zot:3    | Noticed Vv
 43966 | Zot:3    | Killed Vv
 44702 | Zot:4    | Identified the +7 spear of the Desert {drain, Int+5}
 45276 | Zot:5    | Entered Level 5 of the Realm of Zot
 45408 | Zot:5    | Noticed a curse toe
 45429 | Zot:5    | Killed a curse toe
 45430 | Zot:5    | Reached skill level 27 in Fighting
 45896 | Hell     | Entered the Vestibule of Hell
 45899 | Hell     | Noticed Geryon
 46536 | Hell     | Killed Geryon
 46846 | Hell     | Found a gateway to the freezing wastes of Cocytus.
 47114 | Hell     | Found a gateway to the decaying netherworld of Tartarus.
 47211 | Hell     | Reached XP level 25. HP: 180/187 MP: 23/23
 47256 | Hell     | Found a gateway to the ashen valley of Gehenna.
 47349 | Hell     | Found a gateway to the Iron City of Dis.
 47641 | Elf:1    | Entered Level 1 of the Elven Halls
 47921 | Elf:1    | Paralysed by an air elemental for 1 turns
 47932 | Elf:1    | Found Fimafriw's Antique Armour Shop.
 48072 | Elf:1    | Found a radiant altar of Vehumet.
 48093 | Elf:1    | Paralysed by an air elemental for 1 turns
 48486 | Elf:2    | Found a radiant altar of Vehumet.
 48859 | Elf:2    | Identified the +6 flail of the Conjuring Gods {venom,
                  | rElec}
 49066 | Elf:2    | Found a runed translucent door.
 49090 | Elf:2    | Found a runed translucent door.
 49521 | Elf:3    | Entered Level 3 of the Elven Halls
 49592 | Elf:3    | Identified the -2 pair of boots of the Meadowlark {Regen+}
 50526 | Elf:3    | Paralysed by an air elemental for 1 turns
 50529 | Elf:3    | Paralysed by an air elemental for 1 turns
 50686 | Elf:3    | Identified the +1 quarterstaff "Kust" {distort, rN+ Int+2}
 50689 | Abyss:3  | Cast into level 3 of the Abyss (a deep elf sorcerer)
 50707 | Abyss:3  | Found a corrupted altar of Lugonu.
 50815 | Abyss:4  | Got an abyssal rune of Zot
 51003 | Elf:3    | Escaped the Abyss
 51020 | Elf:3    | Reached XP level 26. HP: 137/173 MP: 16/23
 51051 | Elf:3    | Identified the +0 hand axe "Arbiter" {freeze, Will+ rCorr
                  | Dex-5 Stlth+}
 51218 | Elf:3    | Identified the +1 rapier of Imomoe {speed, rElec Dex+4}
 51530 | Slime:1  | Entered Level 1 of the Pits of Slime
 51737 | Lair:5   | Gained mutation: You sometimes lose your temper in combat.
                  | [a shining eye]
 51742 | Lair:5   | Lost mutation: You sometimes lose your temper in combat.
                  | [potion of mutation]
 51742 | Lair:5   | Gained mutation: Your magical capacity is low. (-10% MP)
                  | [potion of mutation]
 51742 | Lair:5   | Gained mutation: Your spells are a little harder to cast,
                  | but a little more powerful. [potion of mutation]
 51888 | Slime:2  | Gained mutation: You do not regenerate when monsters are
                  | visible. [a shining eye]
 51894 | Slime:2  | Lost mutation: Your spells are a little harder to cast, but
                  | a little more powerful. [potion of mutation]
 51894 | Slime:2  | Lost mutation: You do not regenerate when monsters are
                  | visible. [potion of mutation]
 51894 | Slime:2  | Gained mutation: You are agile. (Dex +4, Str/Int -1)
                  | [potion of mutation]
 51894 | Slime:2  | Gained mutation: Your magical capacity is very low. (-20%
                  | MP) [potion of mutation]
 51894 | Slime:2  | Gained mutation: Your spells are a little harder to cast,
                  | but a little more powerful. [potion of mutation]
 52160 | Slime:5  | Entered Level 5 of the Pits of Slime
 52914 | Slime:5  | Noticed the Royal Jelly
 53028 | Slime:5  | Killed the Royal Jelly
 53079 | Slime:5  | Gained mutation: Your magical capacity is extremely low.
                  | (-30% MP) [a shining eye]
 53138 | Slime:5  | Identified the ring "Mimath" {rF- rC+ Str+3 Int+8}
 53140 | Slime:5  | Got a slimy rune of Zot
 53141 | Slime:5  | Identified the ring of Nawef {rN+ Will+ Str+6 Int-2}
 53154 | Slime:5  | Identified the +3 rapier of Thoughtfulness {flame, rCorr
                  | MP+9}
 53238 | Slime:5  | Identified the +6 hand axe of Tauskuud {speed, rN+ Will+
                  | Str+4}
 53249 | Slime:5  | Identified the +8 chain mail of the Unbroken {Int+2 Stlth+}
 54120 | Crypt:1  | Entered Level 1 of the Crypt
 54582 | Crypt:1  | Noticed Jory
 54605 | Crypt:1  | Killed Jory
 55259 | Crypt:2  | Noticed Xtahua
 55265 | Crypt:2  | Killed Xtahua
 55568 | Crypt:3  | Entered Level 3 of the Crypt
 55631 | Crypt:3  | Reached XP level 27. HP: 188/199 MP: 16/16
 55871 | Crypt:3  | Identified the ring of Wosinone {rN+ Str+3 Int-5 SInv
                  | Stlth+}
 55871 | Crypt:3  | Identified the ring "Tyhuur" {rElec rF+ rN+ Slay+4}
 55954 | Crypt:3  | Found a staircase to the Tomb.
 56587 | Crypt:3  | Found an ancient bone altar of Kikubaaqudgha.
 56639 | Crypt:3  | Noticed an ancient lich
 56648 | Crypt:3  | Killed an ancient lich
 57211 | Orc:2    | Bought a scroll of summoning for 95 gold pieces
 57514 | D:3      | Bought a potion of haste for 130 gold pieces
 58109 | Zot:5    | Noticed a dread lich
 58113 | Zot:5    | Noticed an orb of fire
 58114 | Zot:5    | Noticed an orb of fire
 58121 | Zot:5    | Noticed an orb of fire
 58124 | Zot:5    | Noticed an ancient lich
 58125 | Zot:5    | Killed a dread lich
 58130 | Zot:5    | Noticed a dread lich
 58132 | Zot:5    | Killed an orb of fire
 58137 | Zot:5    | Killed an orb of fire
 58145 | Zot:5    | Killed a dread lich
 58148 | Zot:5    | Killed an ancient lich
 58156 | Zot:5    | Gained mutation: You occasionally lose the ability to drink
                  | potions when taking damage. [an orb of fire]
 58158 | Zot:5    | Noticed a dread lich
 58158 | Zot:5    | Gained mutation: You are frail. (-10% HP) [an orb of fire]
 58164 | Zot:5    | Killed an orb of fire
 58170 | Zot:5    | Killed a dread lich
 58172 | Zot:5    | Noticed a dread lich
 58175 | Zot:5    | Noticed a dread lich
 58182 | Zot:5    | Noticed a dread lich
 58188 | Zot:5    | Killed a dread lich
 58204 | Zot:5    | Killed a dread lich
 58212 | Zot:5    | Killed a dread lich
 58223 | Zot:5    | Noticed a dread lich
 58252 | Zot:5    | Noticed a dread lich
 58255 | Zot:5    | Killed a dread lich
 58270 | Zot:5    | Killed a dread lich
 58302 | Zot:5    | Lost mutation: You occasionally lose the ability to drink
                  | potions when taking damage. [potion of mutation]
 58302 | Zot:5    | Lost mutation: You are frail. (-10% HP) [potion of
                  | mutation]
 58302 | Zot:5    | Gained mutation: You are weak. (Str -2) [potion of
                  | mutation]
 58302 | Zot:5    | Gained mutation: You possess an exceptional clarity of
                  | mind. [potion of mutation]
 58303 | Zot:5    | Lost mutation: You possess an exceptional clarity of mind.
                  | [potion of mutation]
 58303 | Zot:5    | Lost mutation: You are weak. (Str -2) [potion of mutation]
 58303 | Zot:5    | Lost mutation: Your spells are a little harder to cast, but
                  | a little more powerful. [potion of mutation]
 58303 | Zot:5    | Gained mutation: Your natural rate of healing is unusually
                  | fast. [potion of mutation]
 58623 | Zot:5    | Identified the +2 leather armour of Whack-A-Mole {Int+2}
 58727 | Zot:5    | Got the Orb of Zot
 59412 | D:$      | Escaped with the Orb!

Illustrated notes

Levels and vault maps discovered:
D:1:      lightli_arrival_statue_moat, layout_loops_cross
D:2:      layout_rooms
D:3:      layout_basic, nzn_hepliaklqana_mist_gate, lemuel_round_altar,
          serial_shops, nicolae_shop_pleasant_corner_grove, uniq_terence
D:4:      minmay_wonky_spiral, layout_loops_corners,
          mainiacjoe_overflow_catwalk, serial_shops, shop
D:5:      layout_gridville, vehumet_crystals, minmay_temple_entry_trees,
          serial_shops, shop, uniq_eustachio
D:6:      layout_basic, ebering_ghost_inner_flame, uniq_maggie
D:7:      layout_gridville, serial_shops, nicolae_book_shop_shelving
D:8:      layout_rooms, kennysheep_mini, nemelex_diamond_rough_becter,
          chequers_temple_overflow_statue_of_worship
D:9:      layout_basic, nicolae_wu_jian_glorious_leap,
          mainiacjoe_overflow_tiny_flanked, serial_shops,
          nicolae_shop_tiny_glass, kennysheep_generic_room_15
D:10:     layout_long_grid, serial_shops, shop, serial_bayou_pond_d,
          uniq_nergalle, uniq_sonja
D:11:     layout_basic, minmay_lair_entry_lava, serial_aquarium,
          aquarium_bridge_straight [aquarium_subvault_bridge,
          aquarium_subvault_wall, aquarium_subvault_bridge,
          aquarium_subvault_balcony], aquarium_window_fake, aquarium_window_1,
          aquarium_window_fake, aquarium_view_2f, aquarium_view_2f, uniq_urug
D:12:     layout_long_grid, david_orc_2, uniq_snorg
D:13:     layout_basic, ximxim_vaults_locker_room, uniq_jorgrun
D:14:     layout_rooms, kennysheep_another_room, kennysheep_diamond,
          chequers_serial_rivers_micro_a, uniq_roxanne
D:15:     grunt_enter_depths_giant_problem, layout_loops_ring,
          nicolae_shop_firing_range
Temple:   nicolae_temple_godzebo
Lair:1:   layout_regular_city, infiniplex_staircase_pool_2
Lair:2:   layout_hall_layers, palyth_hydra_swamp_entry,
          guppyfry_snake_entry_island, beast_lair_carwin_9
Lair:3:   layout_layer_cave, fungi_pond_lemuel, grunt_megastairs_4,
          uniq_gastronok, uniq_kirke
Lair:4:   layout_small_grid, gauntlet_entry_generic, serial_bayou_lagoon_b
Lair:5:   evilmike_catoblepas_cave, layout_regular_city, slime_entry_1,
          portal_ice_cave_entry_pillars_1, basic_altar
Swamp:1:  layout_falls_marsh, nicolae_swamp_small_spring
Swamp:2:  layout_falls_marsh, nicolae_swamp_round_clearing
Swamp:3:  layout_basic_swamp, evilmike_swamp_ruin_house_6, swamp_pool5
Swamp:4:  swamp_alternative, layout_basic_swamp, swamp_pool3,
          hangedman_swamp_lotus
Snake:1:  layout_onion, serial_shops, nicolae_shop_pleasant_corner_grove, shop,
          shop, shop, shop, basic_altar
Snake:2:  layout_basic, st_stairs_14, nicolae_wooded_promenade,
          nicolae_custom_books, grunt_megastairs_2, serial_bayou_shore_a
Snake:3:  layout_cave_town, nicolae_snake_gridmaze_spiral
Snake:4:  snake_pit_salamanders_mu, layout_chambers, minmay_shop_grove,
          nicolae_triple_integral, serial_bayou_shore_b, uniq_aizul,
          uniq_bai_suzhen, uniq_louise
Slime:1:  layout_caves, special_room [special_room_jelly]
Slime:2:  layout_caves
Slime:3:  layout_caves, uniq_dissolution
Slime:4:  layout_caves
Slime:5:  slime_pit
Orc:1:    layout_caves, serial_shops, shop, bh_open_orc_temple
Orc:2:    st_orc_congregation, layout_caves, nicolae_volcano_entry_lava_flow,
          basic_altar
Elf:1:    layout_gridlike, serial_shops, shop, basic_altar, minivault_28
Elf:2:    elven_hall_of_blades_hangedman_original
          [nicolae_blade_entry_splitting_headache], layout_loops_cross,
          basic_altar, minivault_4
Elf:3:    minmay_elf_hall_x, layout_onion_city, minivault_24,
          nicolae_elf_martial_mastery
Vaults:1: nicolae_vaults_trapezoid_lopsided_2, vaults_dpeg_doors, v_misc_28,
          grunt_vaults_hallway_long, nicolae_vaults_border_crossing,
          nicolae_vaults_library_corner, nicolae_vaults_tetromino_Z_2,
          nicolae_vaults_sightless_eye, nicolae_vaults_puzzle_piece,
          grunt_vaults_hallway_short, nicolae_vaults_doubleplus_tesselated,
          v_alt_pattern_6, vaults_room_door_ring,
          nicolae_vaults_trapezoid_layered, layout_vaults_maze_bifur
Vaults:2: ontoclasm_vaults_gateway, hangedman_vaults_stretched_pinwheel,
          nicolae_vaults_closet_pinwheel_2, nicolae_vaults_network_barrier,
          nicolae_vaults_network_quinsquares
          [nicolae_vaults_network_quincunx_subvault,
          nicolae_vaults_network_quincunx_subvault,
          nicolae_vaults_network_quincunx_subvault,
          nicolae_vaults_network_quincunx_subvault],
          nicolae_vaults_network_quincunx
          [nicolae_vaults_network_quincunx_subvault,
          nicolae_vaults_network_quincunx_subvault,
          nicolae_vaults_network_quincunx_subvault,
          nicolae_vaults_network_quincunx_subvault,
          nicolae_vaults_network_quincunx_subvault], v_misc_5,
          dpeg_vaults_monster_row, vaults_room_door_ring,
          layout_vaults_big_cross
Vaults:3: minmay_crypt_entry_necro_gods, vaults_room_corners,
          nicolae_vaults_closet_pinwheel_5, nicolae_vaults_rhombus_6,
          nicolae_vaults_angled_halls, nicolae_vaults_closet_pinwheel_4,
          vaults_dpeg_ring, nicolae_vaults_antechamber_and_loot_room,
          nicolae_vaults_tetromino_Z_1, v_rooms_3, v_misc_12,
          nicolae_vaults_little_squares_4, layout_vaults_big_room
Vaults:4: nicolae_vaults_mitosis, nicolae_vaults_windows_and_doors_thing,
          nicolae_vaults_network_square, v_rooms_6, v_misc_31, vaults_mumra_lcd,
          v_misc_29, nicolae_vaults_little_guard_posts, layout_vaults_quadrants
Vaults:5: serial_shops
Crypt:1:  layout_misc_corridors, grunt_megastairs_1, uniq_jory
Crypt:2:  layout_misc_corridors, serial_sigils_hangedman_stare, lemuel_elevator,
          uniq_xtahua
Crypt:3:  quadcrypt_mu
Depths:1: layout_gridlike, enter_ziggurat_f, serial_shops, shop,
          xom_teletrap_fun, hellmouth_1, nicolae_diode_basic,
          grunt_megastairs_5, minmay_shop_star
Depths:2: grunt_deathspiral_small, layout_cross, abyss_entry, hell_entry,
          amcnicky_mini_rare_corridor_liquid, rand_demon_pan_entry_9
Depths:3: minmay_curly_fans, layout_basic, abyss_entry_flame_altar, hell_entry,
          serial_shops, nicolae_shop_just_a_little_nook, minmay_holes,
          minmay_staircase_bubble
Depths:4: evilmike_zot_entry_diamond, layout_basic, grunt_hell_entry_dis_old,
          nicolae_ru_awakened_eye
Hell
Zot:1:    layout_onion_interference, skrybe_zot_glass_1, uniq_parghit
Zot:2:    layout_gridlike
Zot:3:    layout_twisted_circle, uniq_vv
Zot:4:    layout_misc_corridors
Zot:5:    layout_basic

Skill      XL: |  1  2  3  4  5  6  7  8  9 10 11 12 13 14 15 16 17 18 19 20 21 22 23 24 25 26 27 |
---------------+----------------------------------------------------------------------------------+-----
Fighting       | 4 5 6 7 8 10 11 13 15 16 19 22 24 26 27 | 27.0
Maces & Flails | 4 5 6 7 9 10 12 13 15 16 17 18 20 22 23 26 | 26.2
Armour         | 7 10 13 15 18 20 21 | 21.0
Dodging        | 0 |  0.0
Shields        | 4 10 13 15 17 18 | 18.0
Evocations     | 5 11 12 | 12.1

Action                     |  1- 3 |  4- 6 |  7- 9 | 10-12 | 13-15 | 16-18 | 19-21 | 22-24 | 25-27 || total
---------------------------+-------+-------+-------+-------+-------+-------+-------+-------+-------++-------
  Melee: Mace              |    82 |   230 |   304 |   909 |   748 |       |       |       |       ||  2273
         Morningstar       |       |       |       |       |   723 |  1291 |  1397 |  2054 |  2302 ||  7767
 Invoke: Sacrifice Essence |       |     1 |       |       |       |       |       |       |       ||     1
         Sacrifice Skill   |       |       |     1 |       |       |       |       |       |       ||     1
         Power Leap        |       |       |       |     5 |     2 |     2 |       |     4 |       ||    13
         Draw Out Power    |       |       |       |     3 |     4 |     1 |       |       |       ||     8
         Sacrifice Health  |       |       |       |     1 |       |       |       |       |       ||     1
         Apocalypse        |       |       |       |     3 |     5 |     1 |     6 |     6 |     4 ||    25
         Sacrifice Nimblen |       |       |       |     1 |       |       |       |       |       ||     1
         Reject Sacrifices |       |       |       |     1 |       |       |       |       |       ||     1
         Sacrifice Arcana  |       |       |       |       |     1 |       |       |       |       ||     1
         Sacrifice Forms   |       |       |       |       |     1 |       |       |       |       ||     1
  Evoke: Wand              |       |       |       |     2 |     2 |       |       |     3 |       ||     7
         Horn of Geryon    |       |       |       |       |       |       |       |       |     1 ||     1
    Use: Potion            |     1 |       |     2 |       |     4 |       |     2 |     3 |     6 ||    18
         Scroll            |       |     5 |     3 |     4 |    13 |    21 |     1 |     5 |     8 ||    60
   Stab: Invisible         |       |       |     3 |     8 |    12 |     4 |     4 |    10 |     4 ||    45
         Distracted        |       |       |     1 |     4 |     7 |     3 |     8 |    10 |    19 ||    52
         Paralysed         |       |       |       |     6 |     2 |     6 |    16 |    17 |     8 ||    55
 Armour: Robe              |    64 |       |       |       |       |       |       |       |       ||    64
         Chain mail        |       |   191 |    48 |       |       |       |       |       |       ||   239
         Leather armour    |       |       |   194 |   805 |   416 |       |       |       |       ||  1415
         Acid dragon scale |       |       |       |       |   678 |   455 |       |       |       ||  1133
         Crystal plate arm |       |       |       |       |       |   440 |  1023 |  1643 |  1390 ||  4496
  Dodge: Dodged            |    84 |   125 |   207 |   260 |   201 |    76 |    50 |   104 |    97 ||  1204
  Block: Tower shield      |       |       |       |       |   907 |  1187 |  1155 |  1804 |  1887 ||  6940

Table legend: (Time is in decaauts)
 A = Elapsed time spent in this place.
 B = Non-inter-level travel time spent in this place.
 C = Inter-level travel time spent in this place.
 D = Time resting spent in this place.
 E = Time spent auto-exploring this place.
 F = Levels seen in this place.
 G = Mean time per level.
                   A        B        C        D        E       F      G
               +--------+--------+--------+--------+--------+-----+--------+
         Total |  57986 |  51060 |   6926 |   3891 |  31564 |  62 |  935.3 |
       Dungeon |  14141 |  11599 |   2542 |    898 |   7955 |  15 |  942.7 |
        Temple |     52 |     52 |      0 |      0 |      0 |   1 |   52.0 |
          Lair |   7245 |   6253 |    992 |    786 |   3690 |   5 | 1449.0 |
         Swamp |   2325 |   2232 |     93 |     25 |   1450 |   4 |  581.2 |
     Snake Pit |   4373 |   3900 |    473 |     13 |   2952 |   4 | 1093.2 |
    Slime Pits |   1506 |   1440 |     66 |    347 |    157 |   5 |  301.2 |
  Orcish Mines |   1782 |   1334 |    448 |      0 |    894 |   2 |  891.0 |
   Elven Halls |   3239 |   3040 |    199 |     38 |   1994 |   3 | 1079.7 |
        Vaults |   6777 |   6388 |    389 |    386 |   3928 |   5 | 1355.4 |
         Crypt |   2746 |   2655 |     91 |      0 |   1816 |   3 |  915.3 |
        Depths |   5467 |   4594 |    873 |    584 |   2861 |   4 | 1366.8 |
          Hell |    795 |    771 |     24 |      0 |    387 |   1 |  795.0 |
           Zot |   5789 |   5058 |    731 |    684 |   2909 |   5 | 1157.8 |
         Abyss |    287 |    287 |      0 |     33 |     59 |   2 |  143.5 |
      Ice Cave |    361 |    361 |      0 |      0 |    193 |   1 |  361.0 |
       Volcano |    466 |    466 |      0 |     22 |    284 |   1 |  466.0 |
      Gauntlet |    629 |    629 |      0 |     74 |     33 |   1 |  629.0 |
               +--------+--------+--------+--------+--------+-----+--------+

Top non-repeatable levels by time:
Depths:4: 2001 daAuts
  Lair:2: 1911 daAuts
    D:11: 1750 daAuts
Vaults:5: 1671 daAuts
  Lair:3: 1613 daAuts
  Lair:5: 1553 daAuts
   Zot:1: 1514 daAuts
   Elf:3: 1425 daAuts
  Lair:1: 1382 daAuts
 Snake:4: 1380 daAuts
   Zot:2: 1365 daAuts
 Crypt:3: 1338 daAuts
Vaults:3: 1327 daAuts
Vaults:4: 1305 daAuts
Vaults:1: 1256 daAuts
